 Dungeon Crawl Stone Soup version 0.30-a0-782-ge64f9170bb (webtiles) character file.

Game seed: 5869533898526294670

45242 senseless the Warrior (level 14, -3/141 HPs)
             Began as a Hill Orc Fighter on Mar 6, 2023.
             Was the Champion of Okawaru.
             Slain by a frost giant
             ... wielding a +2 battleaxe of freezing
              (27 damage)
             ... in an ice cave on Mar 7, 2023.
             The game lasted 00:55:58 (17870 turns).

senseless the Warrior (Hill Orc Fighter)           Turns: 17870, Time: 00:55:58

Health: -3/141     AC: 26    Str: 24    XL:     14   Next: 32%
Magic:  14/14      EV: 14    Int:  8    God:    Okawaru [******]
Gold:   783        SH:  5    Dex: 10    Spells: 13/13 levels left

rFire   . . .      SeeInvis .    y - +8 executioner's axe (venom)
rCold   + . .      Faith    .    (shield currently unavailable)
rNeg    . . .      Spirit   .    C - +3 plate armour {rC+}
rPois   .          Reflect  +    o - +2 helmet
rElec   .          Harm     .    q - +2 cloak
rCorr   .          Rampage  .    (no gloves)
Will    +....                    Q - +0 pair of boots Stlth
                                 Y - amulet of reflection
HPRegen 0.43/turn                T - +4 ring of slaying
MPRegen 0.14/turn                i - +5 ring of evasion

@: hasted, very quick
A: no striking features
a: Renounce Religion, Heroism, Finesse, Duel


You were in an ice cave.
You worshipped Okawaru.
Okawaru was exalted by your worship.
You visited 2 branches of the dungeon, and saw 17 of its levels.
You also visited: Ossuary and Ice Cave.

You collected 1706 gold pieces.
You spent 923 gold pieces at shops.

Inventory:

Hand Weapons
 a - a +6 war axe of venom
 b - the +1 hand axe "Sazxy" {flame, rElec}
   (You found it on level 7 of the Dungeon)

   rElec:     It insulates you from electricity.
 k - the +3 rapier of Xofuiqa {spect, rF++ rC- rCorr Int+2}
   (You found it on level 3 of the Lair of Beasts)

   Int:       It affects your intelligence (+2).
   rF:        It greatly protects you from fire.
   rC:        It makes you vulnerable to cold.
   rCorr:     It protects you from acid and corrosion.
 s - a +4 broad axe of freezing
 y - a +8 executioner's axe of venom (weapon)
 F - a +3 sling
Armour
 c - a +3 buckler
 o - a +2 helmet (worn)
 q - a +2 cloak (worn)
 C - a +3 plate armour of cold resistance (worn)
 O - a +2 chain mail of poison resistance
 Q - a +0 pair of boots (worn)
Jewellery
 i - a +5 ring of evasion (right hand)
 l - a ring of fire
 v - a ring of flight
 M - an amulet of regeneration
 N - a +6 ring of strength
 T - a +4 ring of slaying (left hand)
 Y - an amulet of reflection (around neck)
Wands
 e - a wand of paralysis (17)
 t - a wand of digging (8)
 G - a wand of mindburst (43)
 R - a wand of iceblast (7)
 U - a wand of polymorph (2)
 W - a wand of quicksilver (4)
Scrolls
 g - 2 scrolls of magic mapping
 n - 3 scrolls of blinking
 u - 4 scrolls of teleportation
 w - 4 scrolls of fear
 H - 5 scrolls of identify
 Z - 4 scrolls of fog
Potions
 d - 3 potions of might
 f - 5 potions of ambrosia
 h - 14 potions of curing
 j - 2 potions of flight
 m - 4 potions of haste
 r - a potion of cancellation
 x - 4 potions of brilliance
 z - 6 potions of lignification
 A - 8 potions of heal wounds
 B - 4 potions of magic
 D - 2 potions of attraction
 I - a potion of berserk rage
 X - 4 potions of invisibility


   Skills:
 * Level 17.7 Fighting
 + Level 16.6 Axes
 - Level 0.5 Ranged Weapons
 + Level 10.9 Armour
 + Level 5.1 Dodging
 - Level 0.4 Stealth
 + Level 11.4 Shields


You had 13 spell levels left.
You didn't know any spells.
Your spell library contained the following spells:

 Spells                   Type           Power      Damage    Failure   Level
 Apportation              Tloc           0%         N/A       99%         1
 Foxfire                  Conj/Fire      0%         2x1d4     99%         1
 Magic Dart               Conj           0%         1d3       99%         1
 Necrotise                Necr           0%         1d4       99%         1
 Blink                    Tloc           0%         N/A       100%        2
 Lesser Beckoning         Tloc           0%         N/A       100%        2
 Momentum Strike          Conj/Tloc      0%         3d8       100%        2
 Gell's Gravitas          Tloc           0%         N/A       100%        3
 Hailstorm                Conj/Ice       0%         3d3       100%        3
 Mephitic Cloud           Conj/Pois/Air  0%         N/A       100%        3
 Teleport Other           Tloc           0%         N/A       100%        3
 Ice Form                 Ice/Tmut       0%         N/A       100%        4
 Blade Hands              Tmut           0%         N/A       100%        5
 Fireball                 Conj/Fire      0%         3d3       100%        5
 Irradiate                Conj/Tmut      0%         3d11      100%        5
 Yara's Violent Unravell  Hex/Tmut       0%         3d3       100%        5
 Starburst                Conj/Fire      0%         6d3       100%        6
 Dragon Form              Tmut           0%         N/A       100%        7
 Enfeeble                 Hex            0%         N/A       100%        7
 Summon Small Mammal      Summ           Unusable   N/A       N/A         1
 Call Imp                 Summ           Unusable   N/A       N/A         2
 Simulacrum               Ice/Necr       Unusable   N/A       N/A         6

Dungeon Overview and Level Annotations

Branches:
Dungeon (12/15)            Temple (0/1) D:6            Lair (5/5) D:8
  Swamp (0/4) Lair:2        Snake (0/4) Lair:3          Orc (0/2) D:9
Ossuary (visited)           IceCv (1/1)
  Slime: Lair:4-5

Altars:
Ashenzari
Cheibriados
Gozag
Hepliaklqana
Makhleb
Okawaru
Ru
Sif Muna
Vehumet
Xom
Yredelemnul
Zin
The Shining One
Beogh

Shops:
D:1 =   D:4 !

Annotations:
D:4 1 runed translucent door, pedritolo's ghost, novice TrGl
D:8 7 runed translucent doors, CoolSool's ghost, novice HOGl


Message History

You are too injured to fight recklessly!
You are too injured to fight recklessly!
You are too injured to fight recklessly!
You are too injured to fight recklessly!
You are too injured to fight recklessly!
You are too injured to fight recklessly!
You are too injured to fight recklessly!
You are too injured to fight recklessly!
You are too injured to fight recklessly!
You are too injured to fight recklessly!
You are too injured to fight recklessly!
You slash the frost giant!
The frost giant looks as sick as possible!
The frost giant is heavily wounded.
You barely miss the yak.
The frost giant hits you with a +2 battleaxe of freezing!!
* * * LOW HITPOINT WARNING * * *
The frost giant freezes you.
* * * LOW HITPOINT WARNING * * *
The yak barely misses you.
You feel yourself speed up. The frost giant closely misses you.
The yak barely misses you.
You slice the frost giant!!
The frost giant looks as sick as possible!
The frost giant is severely wounded.
You slash the yak!
The yak looks as sick as possible!
You slice the frost giant!!
The frost giant is almost dead.
You slice the yak!!
You kill the yak!
Okawaru accepts your kill.
The frost giant hits you with a +2 battleaxe of freezing.
* * * LOW HITPOINT WARNING * * *
The frost giant freezes you.
* * * LOW HITPOINT WARNING * * *
You hit the frost giant but do no damage.
The frost giant is almost dead.
You slash the wolf! You block the wolf's attack.
The frost giant hits you with a +2 battleaxe of freezing!!
You die...

....# ....## .....##
###### ......#
###....### .......
#####....#...####......
.#.....####....#hCh#
.†..#### ####..@# #####
#####


You could see a frost giant (extremely poisoned), a polar bear and a wolf.

Vanquished Creatures
  Harold (D:10)
  A hydra (Lair:2)
  A two-headed ogre (D:12)
  Erica (D:10)
  6 death yaks (IceCv)
  Lodul (D:11)
  A skyshark (Lair:5)
  An oklob plant (Lair:1)
  A manticore (D:11)
  2 cyclopes
  10 elephants (Lair:5)
  An ice statue (IceCv)
  A gargoyle (D:12)
  3 black mambas
  12 cane toads
  Psyche (D:10)
  7 rime drakes (IceCv)
  8 komodo dragons
  5 polar bears
  A troll (D:12)
  A hornet (D:9)
  Grinder (D:3)
  Prince Ribbit (D:7)
  4 blink frogs (Lair:3)
  2 vampires (D:12)
  2 shadows (D:11)
  4 slime creatures (D:12)
  2 spriggans (Lair:3)
  2 wraiths
  5 wyverns
  64 yaks
  3 basilisks
  4 vampire mosquitoes
  A steam dragon (Lair:4)
  10 water moccasins
  11 orc warriors
  An ice beast (D:7)
  4 black bears
  8 ogres
  17 wolves
  9 centaurs
  2 phantoms
  2 kobold brigands (D:9)
  13 bullfrogs
  A gnoll sergeant (D:11)
  A necrophage (D:5)
  13 wights
  11 killer bees
  2 electric eels (Lair:1)
  4 howler monkeys
  4 crimson imps (D:11)
  2 hounds
  2 jellies
  Crazy Yiuf (D:2)
  7 orc priests
  Jessica (D:3)
  3 iguanas
  Ijyb (D:3)
  Terence (D:3)
  4 orc wizards
  Robin (D:2)
  8 mummies (Ossuary)
  7 gnolls
  10 adders
  12 white imps (Lair:5)
  An ufetubus (D:4)
  3 worms
  5 dart slugs
  53 orcs
  6 bats
  7 endoplasms
  3 giant cockroaches
  11 goblins (D:2)
  9 hobgoblins
  4 jackals (D:2)
  4 quokkas
  11 ball pythons
  4 frilled lizards
  A gnoll zombie (Ossuary)
  3 hobgoblin zombies (Ossuary)
  20 kobolds
  A kobold zombie (Ossuary)
  3 orc zombies (Ossuary)
  5 rats
  A spectral hobgoblin (D:4)
489 creatures vanquished.

Vanquished Creatures (others)
  An orc wizard (D:6)
  15 fungi
  31 plants
47 creatures vanquished.

Grand Total: 536 creatures vanquished

Notes
Turn   | Place    | Note
-------+----------+-------------------------------------------
     0 | D:1      | senseless the Hill Orc Fighter began the quest for the Orb.
     0 | D:1      | Reached XP level 1. HP: 19/19 MP: 1/1
   106 | D:1      | Reached skill level 4 in Fighting
   106 | D:1      | Reached XP level 2. HP: 22/27 MP: 2/2
   196 | D:1      | Found Giror's Jewellery Shop.
   990 | D:2      | Reached XP level 3. HP: 29/33 MP: 3/3
  1070 | D:2      | Found a runed translucent door.
  1071 | D:2      | Noticed Crazy Yiuf
  1163 | D:2      | Reached XP level 4. HP: 41/41 MP: 4/4
  1243 | D:2      | Noticed Robin
  1256 | D:2      | Killed Robin
  1820 | D:2      | Killed Crazy Yiuf
  1821 | D:2      | Reached XP level 5. HP: 47/47 MP: 5/5
  1936 | D:3      | Noticed Jessica
  1943 | D:3      | Killed Jessica
  1944 | D:3      | Reached skill level 5 in Fighting
  2036 | D:3      | Found a snail-covered altar of Cheibriados.
  2158 | D:3      | Noticed Grinder
  2171 | D:3      | Paralysed by Grinder for 2 turns
  2186 | D:3      | Killed Grinder
  2187 | D:3      | Reached XP level 6. HP: 39/57 MP: 6/6
  2306 | D:3      | Noticed Terence
  2313 | D:3      | Killed Terence
  2536 | D:3      | Noticed Ijyb
  2548 | D:3      | Killed Ijyb
  2549 | D:3      | Reached XP level 7. HP: 58/62 MP: 7/7
  2800 | D:3      | Found a faded altar of an unknown god.
  3003 | D:4      | Found an iron altar of Okawaru.
  3037 | D:4      | Found a glowing silver altar of Zin.
  3166 | D:4      | Became a worshipper of Warmaster Okawaru
  3203 | D:4      | Found a radiant altar of Vehumet.
  3220 | D:4      | Found Oless's Distillery.
  3231 | D:4      | Reached skill level 6 in Fighting
  3231 | D:4      | Reached skill level 1 in Dodging
  3261 | D:4      | Found a runed translucent door.
  3263 | D:4      | Bought a potion of degeneration for 11 gold pieces
  3263 | D:4      | Bought a potion of brilliance for 44 gold pieces
  3263 | D:4      | Bought a potion of lignification for 33 gold pieces
  3263 | D:4      | Bought a potion of heal wounds for 55 gold pieces
  3425 | D:4      | HP: 3/63 [ogre/+0 giant spiked club (22)]
  3679 | D:4      | Noticed pedritolo's ghost (novice TrGl)
  3708 | D:4      | Found a shimmering blue altar of Sif Muna.
  3716 | D:4      | Found a basalt altar of Yredelemnul.
  3863 | D:4      | Found a hazy altar of Hepliaklqana.
  3924 | D:5      | Entered Level 5 of the Dungeon
  4151 | D:5      | Found a burning altar of Makhleb.
  4164 | D:5      | Reached XP level 8. HP: 28/71 MP: 8/8
  4408 | D:5      | Reached * piety under Okawaru
  4409 | D:5      | Reached skill level 7 in Fighting
  4637 | D:5      | Reached skill level 5 in Armour
  4672 | D:5      | Found a broken altar of Ashenzari.
  4743 | D:5      | Reached skill level 5 in Shields
  5192 | D:6      | Noticed a wyvern
  5203 | D:6      | Killed a wyvern
  5647 | D:6      | Reached skill level 8 in Fighting
  5777 | D:6      | Reached XP level 9. HP: 78/81 MP: 9/9
  5809 | D:6      | Found a sacrificial altar of Ru.
  5894 | D:6      | Found a staircase to the Ecumenical Temple.
  6369 | D:7      | Noticed Prince Ribbit
  6390 | D:7      | Killed Prince Ribbit
  6390 | D:7      | Reached ** piety under Okawaru
  6391 | D:7      | Reached skill level 9 in Fighting
  6770 | D:7      | Reached skill level 10 in Axes
  6771 | D:7      | Identified the +1 hand axe "Sazxy" {flame, rElec}
  7078 | D:7      | Reached *** piety under Okawaru
  7315 | D:8      | Found a sand-covered staircase.
  7331 | Ossuary  | Entered an ossuary
  7580 | D:8      | Found an opulent altar of Gozag.
  7599 | D:8      | Reached skill level 10 in Fighting
  7614 | D:8      | Found a staircase to the Lair.
  7694 | D:8      | Reached XP level 10. HP: 88/93 MP: 10/10
  7788 | D:8      | Found a glowing golden altar of the Shining One.
  7913 | D:8      | Found a runed translucent gate.
  7913 | D:8      | Found a runed translucent gate.
  7913 | D:8      | Found a runed translucent gate.
  7914 | D:8      | Noticed CoolSool's ghost (novice HOGl)
  8235 | D:8      | Found a huge runed translucent gate.
  8235 | D:8      | Found a huge runed translucent gate.
  8235 | D:8      | Found a huge runed translucent gate.
  8235 | D:8      | Found a huge runed translucent gate.
  8235 | D:8      | Noticed a manticore
  8235 | D:8      | Noticed a death yak
  8236 | D:8      | Noticed a death yak
  8236 | D:8      | Noticed a manticore
  8236 | D:8      | Noticed a manticore
  8236 | D:8      | Noticed a two-headed ogre
  8390 | D:9      | Paralysed by a hornet for 3 turns
  8406 | D:9      | Reached **** piety under Okawaru
  8580 | D:9      | Reached skill level 11 in Fighting
  8653 | D:9      | Found a roughly hewn altar of Beogh.
  8653 | D:9      | Found a staircase to the Orcish Mines.
  9109 | D:9      | Identified a scroll of acquirement
  9110 | D:9      | Acquired a +6 war axe of venom
  9181 | D:9      | Reached ***** piety under Okawaru
  9244 | D:9      | Reached XP level 11. HP: 103/104 MP: 11/11
  9356 | D:9      | Noticed a cyclops
  9360 | D:9      | Killed a cyclops
  9361 | D:9      | Reached skill level 12 in Fighting
  9608 | D:9      | Received a gift from Okawaru
  9760 | D:10     | Entered Level 10 of the Dungeon
 10160 | D:10     | Noticed Erica
 10172 | D:10     | Killed Erica
 10185 | D:10     | Noticed Psyche
 10193 | D:10     | Killed Psyche
 10205 | D:10     | Reached skill level 13 in Fighting
 10342 | D:10     | Noticed Harold
 10354 | D:10     | Killed Harold
 10354 | D:10     | Received a gift from Okawaru
 11282 | D:11     | Noticed Lodul
 11440 | D:11     | Noticed a manticore
 11440 | D:11     | Noticed a cyclops
 11451 | D:11     | Killed a manticore
 11452 | D:11     | Reached skill level 15 in Axes
 11452 | D:11     | Reached XP level 12. HP: 113/116 MP: 12/12
 11616 | D:1      | Bought a +4 ring of slaying for 780 gold pieces
 11912 | D:11     | Found a shimmering altar of Xom.
 12040 | D:11     | Reached skill level 14 in Fighting
 12053 | D:11     | Killed Lodul
 12360 | D:12     | Identified the +0 scale mail of Viten {Will+} (Okawaru
                  | gifted it to you on level 12 of the Dungeon)
 12360 | D:12     | Received a gift from Okawaru
 12469 | D:12     | Noticed a two-headed ogre
 12478 | D:12     | Killed a two-headed ogre
 13224 | Lair:1   | Entered Level 1 of the Lair of Beasts
 13458 | Lair:1   | Reached skill level 15 in Fighting
 14301 | Lair:2   | Reached XP level 13. HP: 127/127 MP: 13/13
 14403 | Lair:2   | Reached skill level 10 in Shields
 14550 | Lair:2   | Found a staircase to the Swamp.
 14805 | Lair:2   | Reached ****** piety under Okawaru
 14806 | Lair:2   | Reached skill level 16 in Fighting
 15219 | Lair:3   | Identified the +3 rapier of Xofuiqa {spect, rF++ rC- rCorr
                  | Int+2}
 15230 | Lair:3   | Received a gift from Okawaru
 15271 | Lair:3   | Found a staircase to the Snake Pit.
 15993 | Lair:3   | Reached skill level 10 in Armour
 16311 | Lair:4   | Received a gift from Okawaru
 17211 | Lair:5   | Entered Level 5 of the Lair of Beasts
 17235 | Lair:5   | Found a frozen archway.
 17246 | Lair:5   | Received a gift from Okawaru
 17247 | Lair:5   | Reached skill level 17 in Fighting
 17283 | IceCv    | Entered an ice cave
 17374 | IceCv    | Reached XP level 14. HP: 126/140 MP: 14/14
 17765 | IceCv    | Reached skill level 5 in Dodging
 17856 | IceCv    | Noticed a frost giant
 17870 | IceCv    | Slain by a frost giant

Illustrated notes

Levels and vault maps discovered:
D:1:      minmay_arrival_three_doors, layout_basic, serial_shops,
          nicolae_square_shop, nicolae_kite_square_tiling_tiny,
          skrybe_limestone_x
D:2:      layout_loops_ring, hangedman_decor_growths, uniq_robin,
          uniq_crazy_yiuf_cottage
D:3:      layout_loops_cross, kennysheep_slug_shrine,
          shapermc_ecumenical_altar_petra, uniq_ijyb, uniq_jessica,
          uniq_grinder, uniq_terence
D:4:      layout_basic, mainiacjoe_overflow_big_doors,
          nicolae_hepliaklqana_monster_ancestors, okawaru_ov_weapons_minmay,
          mainiacjoe_overflow_small_starburst, mainiacjoe_overflow_tiny_flanked,
          serial_shops, shop_fountains, ebering_ghost_reflecting_pool
D:5:      layout_basic, mainiacjoe_overflow_paths, evilmike_ruin_ashenzari
D:6:      layout_loops_ring, amcnicky_altar_gilded, minmay_temple_entry_fiery,
          dk_vineyard_2
D:7:      layout_basic, uniq_prince_ribbit1
D:8:      lemuel_bear_cage, layout_basic, old_standard_altar,
          kennysheep_mini_moat, dpeg_oklobed_lair, nicolae_ossuary_entry_ruins,
          ebering_ghost_rock_garden
D:9:      layout_loops_corners, david_orc_5
D:10:     layout_layer_cave, uniq_harold, uniq_erica, uniq_psyche
D:11:     layout_basic, led_xom_imps, uniq_lodul
D:12:     layout_irregular_city
Lair:1:   layout_regular_city, dpeg_stationary_puzzle,
          infiniplex_staircase_pool, serial_bayou_shore_a, lemuel_fruit_tree
Lair:2:   layout_cellular_growth, swamp_mist,
          eino_small_chamber_without_monster, grunt_megastairs_3
Lair:3:   layout_regular_city, dummy_snake_entry, forest_entry_grove
Lair:4:   layout_regular_city, serial_rivers, chequers_serial_rivers_small_a,
          chequers_serial_rivers_marsh, chequers_serial_rivers_micro_d,
          chequers_serial_rivers_room_a, chequers_serial_rivers_large_b,
          chequers_serial_rivers_large_a
Lair:5:   hellmonk_lair_end_abyssal_woods, layout_misc_corridors,
          minmay_slime_entry_jelly_boxes, portal_ice_cave_entry_imps
IceCv:    ice_cave_small_giant

Skill      XL: |  1  2  3  4  5  6  7  8  9 10 11 12 13 14 |
---------------+-------------------------------------------+-----
Fighting       | 4 5 6 8 10 11 13 15 17 | 17.7
Axes           | 3 4 6 7 8 10 12 15 16 | 16.6
Armour         | 4 5 6 7 8 9 10 | 10.9
Shields        | 4 5 6 8 9 11 | 11.4
Dodging        | 1 2 4 5 |  5.1
Ranged Weapons | |  0.5
Stealth        | |  0.4

Action                     |  1- 3 |  4- 6 |  7- 9 | 10-12 | 13-15 || total
---------------------------+-------+-------+-------+-------+-------++-------
  Melee: War axe           |    73 |   160 |   331 |   383 |   143 ||  1090
         Hand axe          |       |       |    64 |   163 |     6 ||   233
         Battleaxe         |       |       |       |    13 |       ||    13
         Executioner's axe |       |       |       |       |   145 ||   145
   Fire: Sling             |       |       |     4 |       |       ||     4
    Use: Scroll            |     3 |    10 |    10 |     4 |       ||    27
         Potion            |       |     1 |     1 |     1 |     2 ||     5
 Armour: Scale mail        |    21 |    51 |     2 |       |       ||    74
         Chain mail        |       |       |   127 |    74 |    66 ||   267
         Plate armour      |       |       |    46 |    61 |    45 ||   152
  Dodge: Dodged            |    56 |   109 |   207 |   204 |   166 ||   742
  Block: Buckler           |    26 |    52 |   180 |   178 |    79 ||   515
         Reflection        |       |       |       |     1 |     1 ||     2
         Other             |       |       |       |       |    29 ||    29

Table legend: (Time is in decaauts)
 A = Elapsed time spent in this place.
 B = Non-inter-level travel time spent in this place.
 C = Inter-level travel time spent in this place.
 D = Time resting spent in this place.
 E = Time spent auto-exploring this place.
 F = Levels seen in this place.
 G = Mean time per level.
                   A        B        C        D        E       F      G
               +--------+--------+--------+--------+--------+-----+--------+
         Total |  17888 |  15978 |   1910 |    586 |  12377 |  19 |  941.5 |
       Dungeon |  13023 |  11373 |   1650 |    582 |   8500 |  12 | 1085.2 |
          Lair |   4046 |   3787 |    259 |      0 |   3261 |   5 |  809.2 |
       Ossuary |    226 |    226 |      0 |      0 |    148 |   1 |  226.0 |
      Ice Cave |    592 |    592 |      0 |      4 |    468 |   1 |  592.0 |
               +--------+--------+--------+--------+--------+-----+--------+

Top non-repeatable levels by time:
    D:10: 1512 daAuts
     D:6: 1421 daAuts
     D:9: 1367 daAuts
     D:4: 1228 daAuts
     D:5: 1197 daAuts
  Lair:3: 1149 daAuts
     D:1: 1050 daAuts
     D:2: 1013 daAuts
     D:3: 983 daAuts
  Lair:1: 981 daAuts
     D:8: 975 daAuts
  Lair:4: 945 daAuts
  Lair:2: 894 daAuts
    D:11: 775 daAuts
    D:12: 750 daAuts
